AoeStats
← CHMB_Danchi

Fortress

509735699Analyzed
4v4 RM · 5d ago on Sep 27, 2026· 45m 9s· 8 players
Game mode
Random Map
Map size
Huge
Population
200
Speed
Normal
Resources
Standard
Victory
Conquest
Starting age
Dark Age
Ending age
Imperial Age
RankedLock teamsTeams togetherTeam positionsShared explorationLock speedFull tech treeHidden civsTurbo modeCheats
Victory
Defeat
🇵🇪 Burgundians · Peru
1141
+14
🇧🇷 Slavs · Brazil
1120
+15
🇨🇱 Inca · Chile
1041
+18
🇷🇺 Huns · Russia
1038
+18
🇦🇷 Lithuanians · Argentina
1174
-19
🇦🇷 Byzantines · Argentina
1088
-16
🇦🇷 Hindustanis · Argentina
1058
-15
🇦🇷 Persians · Argentina
1052
-15
CHMB Martincek
7:52 Feudal Age
11:57 Castle Age
9:52 Double-Bit Axe
10:44 Horse Collar
11:50 Loom
14:16 Wheelbarrow
17:41 Hand Cart
18:14 Gold Mining
25:43 Imperial Age
23:38 Light Cavalry
24:31 Bloodlines
24:22 Husbandry
24:32 Scale Barding Armor
25:37 Scale Mail Armor
25:48 Forging
26:47 Chain Mail Armor
27:46 Chemistry
27:36 Conscription
29:23 Squires
35:29 Heavy Camel Rider
37:44 Gold Shaft Mining
38:16 Siege Engineers
41:28 Chain Barding Armor
CHMB_Kuc
8:04 Feudal Age
12:40 Castle Age
10:26 Loom
10:38 Double-Bit Axe
11:11 Forging
15:21 Bow Saw
16:46 Pikeman
21:27 Horse Collar
25:22 Imperial Age
23:30 Fletching
24:01 Scale Mail Armor
24:37 Iron Casting
24:17 Squires
24:03 Arson
24:59 Gold Mining
27:46 Fortified Wall
27:20 Halberdier
28:17 Man-at-Arms
28:43 Gambesons
30:05 Long Swordsman
31:42 Two-Handed Swordsman
40:30 Fletching
40:41 Padded Archer Armor
41:47 Ballistics
41:05 Crossbowman
42:22 Arbalester
43:29 Bodkin Arrow
44:36 Thumb Ring
CHMB_Danchi
8:02 Feudal Age
12:01 Castle Age
10:53 Double-Bit Axe
11:56 Horse Collar
14:12 Wheelbarrow
13:23 Town Watch
13:54 Heavy Plow
14:07 Bow Saw
20:30 Hand Cart
20:02 Loom
20:11 Loom
26:26 Imperial Age
25:01 Bloodlines
24:51 Husbandry
28:22 Kamandaran
28:49 Padded Archer Armor
28:40 Fletching
28:59 Crossbowman
29:45 Thumb Ring
31:34 Heavy Camel Rider
32:21 Scale Barding Armor
32:27 Forging
34:02 Chain Barding Armor
34:40 Iron Casting
34:37 Conscription
36:04 Two-Man Saw
36:23 Plate Barding Armor
CHMB_Martin
8:00 Feudal Age
11:36 Castle Age
9:29 Double-Bit Axe
10:17 Horse Collar
14:21 Bow Saw
16:58 Town Watch
18:36 Loom
20:13 Heavy Plow
21:33 Wheelbarrow
21:45 Town Patrol
23:05 Hand Cart
22:53 Gold Mining
24:05 Scale Barding Armor
25:39 Chain Barding Armor
26:12 Stone Mining
27:11 Forging
27:42 Devotion
31:24 Imperial Age
29:51 Iron Casting
31:41 Elite Leitis
33:19 Conscription
33:31 Conscription
33:12 Scale Mail Armor
33:49 Plate Barding Armor
33:50 Conscription
35:37 Chemistry
38:55 Fletching
40:13 Bodkin Arrow
40:10 Crossbowman
40:56 Thumb Ring
42:00 Two-Man Saw
41:03 Bracer
41:34 Crop Rotation
43:07 Padded Archer Armor
44:23 Husbandry
44:34 Bloodlines
43:46 Light Cavalry
44:29 Winged Hussar
K
7:44 Feudal Age
12:41 Castle Age
11:01 Double-Bit Axe
14:29 Bow Saw
18:51 Pikeman
19:51 Loom
25:15 Imperial Age
23:41 Wheelbarrow
23:31 Detinets
25:08 Forging
26:08 Fletching
27:36 Iron Casting
26:27 Man-at-Arms
27:06 Capped Ram
28:03 Scale Barding Armor
30:56 Blast Furnace
31:13 Bodkin Arrow
31:40 Chain Barding Armor
31:16 Siege Ram
31:48 Halberdier
34:06 Plate Barding Armor
35:12 Elite Boyar
37:28 Padded Archer Armor
40:09 Two-Man Saw
39:40 Bloodlines
41:11 Druzhina
43:13 Murder Holes
45:12 Masonry
46:04 Chemistry
RSpartan18
7:05 Feudal Age
5:24 Double-Bit Axe
8:30 Bow Saw
13:51 Castle Age
12:19 Horse Collar
13:19 Wheelbarrow
16:28 Hand Cart
17:59 Heavy Plow
22:35 Loom
23:33 Gold Mining
24:18 Forging
24:08 Scale Mail Armor
25:28 Squires
24:49 Pikeman
24:49 Man-at-Arms
25:28 Arson
25:32 Long Swordsman
27:13 Iron Casting
26:54 Chain Mail Armor
33:13 Imperial Age
33:41 Burgundian Vineyards
33:18 Two-Handed Swordsman
33:22 Capped Ram
33:53 Halberdier
36:27 Blast Furnace
35:57 Plate Mail Armor
41:05 Plate Mail Armor
41:04 Champion
BP | GuilleNG
7:24 Feudal Age
6:03 Loom
13:15 Castle Age
11:16 Double-Bit Axe
11:12 Horse Collar
13:04 Forging
12:55 Scale Mail Armor
20:47 Heavy Plow
20:58 Squires
21:43 Arson
22:42 Chain Mail Armor
23:22 Iron Casting
24:24 Bow Saw
25:38 Gold Mining
28:51 Imperial Age
26:39 Arson
28:32 Wheelbarrow
29:55 Conscription
30:51 Plate Mail Armor
32:32 Blast Furnace
33:04 Chemistry
32:15 Masonry
33:14 Elite Kamayuk
35:09 Gold Shaft Mining
35:05 Crop Rotation
35:39 Siege Engineers
35:56 Ballistics
37:51 Fabric Shields
42:53 Treadmill Crane
Sairax
7:22 Feudal Age
7:48 Horse Collar
12:18 Castle Age
10:35 Double-Bit Axe
13:27 Forging
17:54 Loom
22:09 Bloodlines
22:47 Husbandry
23:26 Iron Casting
25:30 Wheelbarrow
25:52 Gold Mining
25:52 Stone Mining
27:57 Scale Barding Armor
28:06 Bow Saw
28:01 Heavy Plow
29:20 Marauders
31:25 Hand Cart
30:55 Town Watch
Connection lost

Rejoining the realm…

Still unreachable

The connection could not be restored.

Session expired

The server has moved on; the page needs a fresh start.